 Dungeon Crawl Stone Soup version 0.18-b1-23-gf76aad1 (webtiles) character file.

3286 LORDOFBUTT the Cleaver (level 9, -1/74 HPs)
             Began as a Minotaur Berserker on May 4, 2016.
             Was an Elder of Trog.
             Slain by a spiny frog (2 damage)
             ... on level 8 of the Dungeon.
             The game lasted 00:10:21 (7031 turns).

LORDOFBUTT the Cleaver (Minotaur Berserker)         Turns: 7031, Time: 00:10:23

Health: -1/74      AC:  8    Str: 22    XL:     9   Next: 69%
Magic:  0/8        EV: 16    Int:  4    God:    Trog [****..]
Gold:   471        SH:  0    Dex: 16    Spells: 0 memorised, 8 levels left

rFire  . . .     SeeInvis .     y - +2 hand axe (venom)
rCold  . . .     Gourm    .     q - +0 ring mail of the Ban {rCorr}
rNeg   . . .     Faith    .     (no shield)
rPois  .         Spirit   +     (helmet restricted)
rElec  .         Dismiss  .     w - +0 cloak
rCorr  +         Reflect  .     F - +0 pair of gloves
SustAt .         Harm     .     (no boots)
MR     .....                    s - amulet of guardian spirit
Stlth  +.........               J - +3 ring of evasion
                                v - +3 ring of dexterity

@: lethally poisoned (-1 -> -17), flying, not resistant to hostile enchantments,
very unstealthy
A: retaliatory headbutt, horns 2
a: Berserk, Trog's Hand, Brothers in Arms, Burn Spellbooks, Renounce Religion


You were on level 8 of the Dungeon.
You worshipped Trog.
Trog was greatly pleased with you.
You were not hungry.

You visited 1 branch of the dungeon, and saw 8 of its levels.

You collected 471 gold pieces.

Inventory:

Hand Weapons
 y - a +2 hand axe of venom (weapon)
Armour
 m - a +0 ring mail
 q - the +0 ring mail of the Ban (worn) {rCorr}
   (You found it on level 6 of the Dungeon)

   It protects you from acid and corrosion.
 w - a +0 cloak (worn)
 F - a +0 pair of gloves (worn)
Jewellery
 b - an uncursed ring of see invisible
 n - a +6 ring of intelligence
 s - an amulet of guardian spirit (around neck)
 v - a +3 ring of dexterity (left hand)
 x - an uncursed ring of flight
 J - a +3 ring of evasion (right hand)
Wands
 K - a wand of digging (10/24)
Scrolls
 a - a scroll of recharging
 f - 3 scrolls of remove curse
 g - 4 scrolls of random uselessness
 h - 3 scrolls of enchant armour {unknown}
 i - 2 scrolls of noise
 o - 2 scrolls of teleportation
 u - a scroll of enchant weapon {unknown}
 A - a scroll of amnesia {unknown}
 D - a scroll of fear {unknown}
 G - 2 scrolls of brand weapon {unknown}
 H - 3 scrolls of identify
 I - a scroll of torment {unknown}
Potions
 e - 2 potions of heal wounds
 j - 2 potions of flight
 k - 3 potions of curing
 l - a potion of beneficial mutation
 p - a potion of degeneration
 r - a potion of might
 t - 3 potions of lignification
 z - a potion of haste {unknown}
 B - a potion of agility {unknown}
Books
 C - a book of Geomancy

   Spells                             Type                      Level
   a - Sandblast                      Earth                        1
   b - Passwall                       Transmutation/Earth          2
   c - Stone Arrow                    Conjuration/Earth            3
   d - Petrify                        Transmutation/Earth          4
   e - Lee's Rapid Deconstruction     Earth                        5
   Trog disapproves of the use of such an item.
 L - a Young Poisoner's Handbook

   Spells                             Type                      Level
   a - Sting                          Conjuration/Poison           1
   b - Cure Poison                    Poison                       2
   c - Mephitic Cloud                 Conjuration/Poison/Air       3
   d - Olgreb's Toxic Radiance        Poison                       4
   e - Venom Bolt                     Conjuration/Poison           5
   Trog disapproves of the use of such an item.
Comestibles
 c - 5 bread rations
 d - 3 meat rations
 E - a beef jerky


   Skills:
 - Level 5.1 Fighting
 * Level 14.8 Axes
 - Level 4.3 Armour
 - Level 3.3 Dodging
 - Level 0.1 Stealth


You had 8 spell levels left.
You didn't know any spells.

Dungeon Overview and Level Annotations

Branches:
Dungeon (8/15)             Temple (0/1) D:4            Lair (0/8) D:8

Altars:
Gozag
Kikubaaqudgha
Okawaru
Pakellas
Qazlal
Vehumet


Innate Abilities, Weirdness & Mutations

You reflexively headbutt those who attack you in melee.
You have a pair of horns on your head.


Message History

* * * LOW HITPOINT WARNING * * *
You hit the spiny frog but do no damage.
The spiny frog is moderately wounded.
* * * LOW HITPOINT WARNING * * *
You feel sick.
The blink frog blinks!
The spiny frog misses you.
Drink which item? (? for menu, Esc to quit)
You feel better.
The blink frog blinks!
The spiny frog stings you but does no damage.
The spiny frog stings you!
* * * LOW HITPOINT WARNING * * *
You are lethally poisoned!
The spiny frog poisons you!
The blink frog blinks!
Drink which item? (? for menu, Esc to quit)
You feel very buoyant.
You fly up into the air.
* * * LOW HITPOINT WARNING * * *
You feel sick. The giant frog hits you.
* * * LOW HITPOINT WARNING * * *
The spiny frog stings you.
You die...

........##########.#
.#####.............#
.###################
...............# #
##############.# .#
#.# ####.## #.####
....... #....#
.......
#..@F#######.......
#<..F..YF§.........
#.#########........
#.# #.F...... ###
#.F...>.. ##F...?..
....... ..F....
.......


You could see a yak, a spiny frog, a blink frog and a giant frog.

Vanquished Creatures
  A hippogriff (D:7)
  A hungry ghost (D:7)
  2 orc warriors
  2 ice beasts
  4 ogres
  A sky beast (D:3)
  A black bear (D:7)
  A phantom (D:6)
  A centaur (D:6)
  4 giant frogs
  3 scorpions
  9 killer bees
  A howler monkey (D:7)
  A crimson imp (D:7)
  A giant frog skeleton (D:4)
  A jelly (D:6)
  12 orc priests
  3 hounds
  A centaur skeleton (D:4)
  Terence (D:2)
  3 iguanas
  6 orc wizards
  2 worker ants (D:5)
  2 hound skeletons (D:4)
  A worker ant zombie (D:8)
  4 gnolls (D:4)
  7 adders
  An ooze (D:3)
  An adder skeleton (D:5)
  4 worms
  2 dart slugs (D:1)
  3 giant geckos
  28 orcs
  A ball python (D:2)
  2 giant cockroaches
  5 hobgoblins
  4 quokkas
  5 bats
  A giant newt (D:2)
  14 goblins
  7 kobolds
  A quokka skeleton (D:6)
  2 quokka zombies
  5 rats
162 creatures vanquished.

Notes
Turn   | Place    | Note
--------------------------------------------------------------
     0 | D:1      | LORDOFBUTT the Minotaur Berserker began the quest for the Orb.
     0 | D:1      | Reached XP level 1. HP: 19/19 MP: 0/0
   189 | D:1      | Reached XP level 2. HP: 24/27 MP: 1/1
   693 | D:2      | Reached skill level 4 in Axes
  1018 | D:2      | Reached XP level 3. HP: 29/33 MP: 2/2
  1063 | D:2      | Found an opulent altar of Gozag.
  1064 | D:2      | Found an iron altar of Okawaru.
  1065 | D:2      | Reached ** piety under Trog
  1552 | D:2      | Found a radiant altar of Vehumet.
  1553 | D:2      | Noticed Terence
  1564 | D:2      | Killed Terence
  1564 | D:2      | Reached skill level 5 in Axes
  1564 | D:2      | Reached XP level 4. HP: 12/41 MP: 3/3
  2095 | D:3      | Noticed a sky beast
  2106 | D:3      | Killed a sky beast
  2106 | D:3      | Reached XP level 5. HP: 11/47 MP: 4/4
  2378 | D:3      | Noticed an ogre
  2383 | D:3      | Killed an ogre
  2383 | D:3      | Reached skill level 5 in Fighting
  2383 | D:3      | Reached XP level 6. HP: 56/56 MP: 5/5
  2468 | D:3      | Reached skill level 6 in Axes
  3094 | D:4      | Reached *** piety under Trog
  3251 | D:4      | Got an ominously black robe
  3262 | D:4      | Identified the +5 robe "Gapsecly" {Dex+6} (You found it on level 4 of the Dungeon)
  3388 | D:4      | Found a staircase to the Ecumenical Temple.
  3392 | D:4      | Reached skill level 7 in Axes
  3532 | D:4      | Reached XP level 7. HP: 3/61 MP: 1/6
  3974 | D:5      | Entered Level 5 of the Dungeon
  3989 | D:4      | Reached skill level 8 in Axes
  4266 | D:5      | Reached skill level 9 in Axes
  4556 | D:5      | Found an ancient bone altar of Kikubaaqudgha.
  5039 | D:5      | Reached skill level 10 in Axes
  5039 | D:5      | Reached XP level 8. HP: 68/68 MP: 7/7
  5220 | D:5      | Reached **** piety under Trog
  5554 | D:6      | Reached skill level 11 in Axes
  5701 | D:6      | Found a stormy altar of Qazlal.
  5788 | D:6      | Reached skill level 12 in Axes
  5881 | D:6      | Got a heavily runed ring mail
  5892 | D:6      | Identified the +0 ring mail of the Ban {rCorr} (You found it on level 6 of the Dungeon)
  6170 | D:7      | Reached XP level 9. HP: 73/74 MP: 3/8
  6173 | D:7      | Reached skill level 13 in Axes
  6476 | D:7      | Found an oddly glowing altar of Pakellas.
  6545 | D:8      | Reached skill level 14 in Axes
  6998 | D:8      | Found a staircase to the Lair.
  7000 | D:8      | Noticed a spiny frog
  7031 | D:8      | HP: 1/74 [giant frog (4)]
  7031 | D:8      | Slain by a spiny frog

Skill      XL: |  1  2  3  4  5  6  7  8  9 |
---------------+----------------------------+-----
Axes           | 4 5 7 10 12 14 | 14.8
Fighting       | 4 5 |  5.1
Armour         | 3 4 |  4.3
Dodging        | 3 |  3.3
Stealth        | |  0.1

Action                   |  1- 3 |  4- 6 |  7- 9 || total
-------------------------+-------+-------+-------++-------
Melee: Hand axe          |    72 |    39 |   128 ||   239
       Headbutt          |    11 |    30 |    48 ||    89
       War axe           |       |    55 |    82 ||   137
Invok: Berserk           |     1 |     1 |     3 ||     5
  Use: Scroll            |     1 |     8 |     3 ||    12
       Potion            |       |       |     2 ||     2
  Eat: Pizza             |     1 |       |       ||     1
       Meat ration       |       |     1 |     2 ||     3
       Fruit             |       |     3 |     3 ||     6
       Chunk             |       |       |     2 ||     2
       Beef jerky        |       |       |     2 ||     2
Armor: Animal skin       |     7 |       |       ||     7
       Ring mail         |    13 |    27 |    60 ||   100
Dodge: Dodged            |    40 |    53 |   111 ||   204
